 Dungeon Crawl Stone Soup version 0.20.1-1-g8b1a95d (webtiles) character file.

56 Gargoyl the Skirmisher (level 3, -4/33 HPs)
             Began as a Minotaur Abyssal Knight on July 10, 2017.
             Was a Believer of Lugonu.
             Slain by Sigmund
             ... wielding a +0 scythe
              (7 damage)
             ... on level 3 of the Dungeon.
             The game lasted 00:05:13 (1937 turns).

Gargoyl the Skirmisher (Minotaur Abyssal Knight)    Turns: 1937, Time: 00:05:15

Health: -4/33      AC: 11    Str: 16    XL:     3   Next: 71%
Magic:  3/3        EV:  5    Int:  9    God:    Lugonu [**....]
Gold:   90         SH:  0    Dex: 10    Spells: 2/2 levels left

rFire    . . .     SeeInvis .   a - +1 hand axe
rCold    . . .     Gourm    .   (no shield)
rNeg     . . .     Faith    .   f - +0 plate armour
rPois    .         Spirit   .   (helmet restricted)
rElec    .         Reflect  .   (no cloak)
rCorr    .         Harm     .   (no gloves)
MR       .....                  (no boots)
Stlth    ..........             (no amulet)
Regen    0.2/turn               (no ring)
MPRegen  0.1/turn               (no ring)

@: no status effects
A: retaliatory headbutt, horns 2
a: Depart the Abyss, Bend Space, Renounce Religion


You were on level 3 of the Dungeon.
You worshipped Lugonu.
Lugonu was pleased with you.
You were not hungry.

You visited 1 branch of the dungeon, and saw 3 of its levels.
You visited the Abyss 1 time.

You collected 90 gold pieces.

Inventory:

Hand Weapons
 a - a +1 hand axe (weapon)
Missiles
 e - 6 javelins (quivered)
Armour
 f - a +0 plate armour (worn)
Scrolls
 b - 2 scrolls of enchant weapon {unknown}
 h - 2 scrolls of identify
 k - a scroll of recharging {unknown}
Comestibles
 c - 4 bread rations
 d - 2 meat rations


   Skills:
 + Level 4.2 Fighting
 + Level 3.2 Axes
 * Level 3.0 Armour
 + Level 1.2 Dodging
 * Level 2.6 Invocations


You had 2 spell levels left.
You didn't know any spells.

Dungeon Overview and Level Annotations

Branches:
Dungeon (3/15)

Altars:

Annotations:
D:3 Sigmund


Innate Abilities, Weirdness & Mutations

You reflexively headbutt those who attack you in melee.
You have a pair of horns on your head.


Message History

Sigmund hits you with a scythe.
Unknown command.
It was a potion of flight.
You feel very buoyant.
You fly up into the air.
It was a potion of agility.
You feel agile all of a sudden.
You feel less confused. Sigmund barely misses you.
It was a potion of cancellation.
Your magical effects are unravelling.
You feel magically purged.
You float gracefully downwards.
You feel a little less agile now. Sigmund hits you with a scythe!
* * * LOW HITPOINT WARNING * * *
Your plate armour prevents you from hitting Sigmund.
Sigmund is heavily wounded.
You closely miss Sigmund. Your headbutt misses Sigmund.
Sigmund is heavily wounded.
Sigmund hits you with a scythe!
You die...

.........................
#..#...#.####.........#
##'#####'## #.........#
#...# #...# #.........#
#...# #...# #.........#
#...# #...# #...#######
#...# #...# +...## #...#
#...# #....# #...# #..[#
#...@# #...# #...# ####@#
#...# #...# #S# #...#
#...#............. #...#
#...######.####### #...#
#...# #.# #...# #...# #.#
#...###...# ...
#....#....# ...


You could see Sigmund and a ball python.

Vanquished Creatures
  2 oozes
  2 dart slugs (D:1)
  A worm (D:2)
  5 hobgoblins
  2 jackals (D:1)
  A quokka (D:2)
  4 bats
  2 frilled lizards
  10 goblins
  7 kobolds
  4 rats
40 creatures vanquished.

Vanquished Creatures (others)
  A worldbinder (Abyss:2)
  A raiju (Abyss:2)
  A small abomination (Abyss:2)
3 creatures vanquished.

Grand Total: 43 creatures vanquished

Notes
Turn   | Place    | Note
-------+----------+-------------------------------------------
     0 | Abyss:1  | Gargoyl the Minotaur Abyssal Knight began the quest for the Orb.
     0 | Abyss:1  | Reached XP level 1. HP: 19/19 MP: 1/1
    67 | Abyss:2  | Killed a small abomination
    85 | Abyss:2  | Killed a raiju
    92 | Abyss:2  | Noticed an apocalypse crab
    96 | Abyss:2  | Killed a worldbinder
   155 | Abyss:5  | Entered Level 5 of the Abyss
   158 | Abyss:5  | Noticed a chaos spawn
   158 | D:1      | Escaped the Abyss
   417 | D:1      | Reached * piety under Lugonu
   474 | D:1      | Reached XP level 2. HP: 27/27 MP: 2/2
   668 | D:1      | Reached skill level 4 in Fighting
   949 | D:1      | Reached XP level 3. HP: 33/33 MP: 3/3
  1671 | D:2      | Reached ** piety under Lugonu
  1912 | D:3      | Noticed Sigmund
  1937 | D:3      | Slain by Sigmund

Skill      XL: |  1  2  3 |
---------------+----------+-----
Invocations    | 2 |  2.6
Fighting       | 4 |  4.2
Axes           | 3 |  3.2
Armour         | 3 |  3.0
Dodging        | |  1.2

Action                   || total
-------------------------++-------
Melee: Hand axe          ||   108
       Headbutt          ||    14
Throw: Javelin           ||     1
Invok: Depart the Abyss  ||     1
  Use: Potion            ||     3
       Scroll            ||     2
  Eat: Chunk             ||     3
Armor: Chain mail        ||    62
       Plate armour      ||    32
Dodge: Dodged            ||    55
